 Dungeon Crawl Stone Soup version 0.13.0-9-gbc74161 (webtiles) character file.

582337 dsn the Shatterer (level 27, -1/198 HPs)
             Began as a Gargoyle Berserker on Oct 16, 2013.
             Was a High Priest of Trog.
             Killed by divine providence
             ... invoked by a balrug
             ... summoned by a lich
              (15 damage)
             ... on Level 1 of the Abyss on Oct 17, 2013.
             The game lasted 08:09:56 (73985 turns).

dsn the Shatterer (Gargoyle Berserker)             Turns: 73985, Time: 08:09:56

HP  -1/198       AC 66     Str 41      XL: 27
MP  22/22        EV 13     Int 11      God: Trog [*****.]
Gold 8848        SH  0     Dex  9      Spells:  0 memorised, 26 levels left

Res.Fire  : + . .   See Invis. : .   X - +1,+11 great mace "Kluhibis" {crush, rElec rPois rF+ rC+}
Res.Cold  : + . .   Warding    : .   k - +10 plate armour
Life Prot.: + . .   Conserve   : +   (no shield)
Res.Poison: +       Res.Corr.  : +   o - +2 crested helmet {Int+3}
Res.Elec. : +       Clarity    : .   F - +1 cloak {rCorr, Cons}
Sust.Abil.: . .     Spirit.Shd : .   m - +1 pair of gauntlets {Str+3}
Res.Mut.  : .       Stasis     : .   w - +0 pair of boots
Res.Rott. : +       Flight     : .   a - amulet of faith
Saprovore : . . .                    p - +4 ring of protection
                                     P - +6 ring of strength

@: about to teleport, slow, quite resistant to hostile enchantments, extremely
unstealthy
A: large and strong wings, fangs 1, talons 2, blurry vision 1, life protection
1, electricity resistance, slowness 1, slow healing 1, slow metabolism 1,
unbreathing, petrification resistance, AC +20, Int -2
a: Fly, Burn Spellbooks, Berserk, Trog's Hand, Brothers in Arms, Renounce
Religion
}: 3/15 runes: decaying, serpentine, silver


You were on level 1 of the Abyss.
You worshipped Trog.
Trog was extremely pleased with you.
You were not hungry.

You visited 11 branches of the dungeon, and saw 68 of its levels.
You visited the Abyss 4 times.
You also visited: Labyrinth.

You collected 9431 gold pieces.
You spent 603 gold pieces at shops.

Inventory:

Hand weapons
 X - the +1,+11 great mace "Kluhibis" (weapon) {crush, rElec rPois rF+ rC+}
   (Trog gifted it to you on level 2 of the Lair of Beasts)

   It inflicts extra damage upon your enemies.
   It protects you from fire.
   It protects you from cold.
   It insulates you from electricity.
   It protects you from poison.
Armour
 k - a +10 plate armour (worn)
 m - a +1 pair of gauntlets of strength (worn)
 o - a +2 crested helmet of intelligence (worn)
 w - a +0 pair of boots (worn)
 F - a +1 cloak of preservation (worn)
Magical devices
 D - a wand of lightning (8)
Comestibles
 c - 22 bread rations
 d - a pear
 f - 18 meat rations
 t - 4 honeycombs
 T - 4 lychees
Scrolls
 i - a scroll of magic mapping
 j - 16 scrolls of remove curse
 l - 2 scrolls of recharging
 n - a scroll of teleportation
 q - 2 scrolls of identify
 I - a scroll of fog
 J - 2 scrolls of summoning
 K - a scroll of vulnerability
 L - a scroll of silence
 O - 3 scrolls of blinking
 Z - 4 scrolls of fear
Jewellery
 a - an amulet of faith (around neck)
 g - an uncursed amulet of resist mutation
 p - a +4 ring of protection (right hand)
 u - an uncursed ring of protection from fire
 v - an uncursed ring of positive energy
 y - an uncursed ring of protection from cold
 A - the ring "Tuomofam" {Fire Int+2 Dam+6 SInv}
   (You found it on level 25 of the Dungeon)

   [ring of fire]

   It affects your intelligence (+2).
   It affects your damage-dealing abilities (+6).
   It enhances your eyesight.
 C - the ring "Ziufoci" {rC+ Int+5 Acc+6}
   (You found it on level 3 of the Vaults)

   [ring of protection from cold]

   It affects your intelligence (+5).
   It affects your accuracy (+6).
 H - an uncursed ring of protection from magic
 P - a +6 ring of strength (left hand)
 Q - an uncursed amulet of resist mutation
 S - an uncursed ring of protection from magic
Potions
 b - 4 potions of resistance
 h - 28 potions of curing
 r - 13 potions of restore abilities
 s - a potion of cure mutation
 x - a potion of magic
 B - a potion of porridge
 G - a potion of invisibility
 N - a potion of might
 U - 3 potions of speed
 V - 6 potions of agility
 Y - a potion of heal wounds
Miscellaneous
 E - a phial of floods
 R - a lamp of fire


   Skills:
 * Level 25.8 Fighting
 + Level 26.0 Maces & Flails
 + Level 21.7 Armour
 + Level 17.6 Dodging


You had 26 spell levels left.
You didn't know any spells.

Dungeon Overview and Level Annotations

Branches:
Dungeon (27/27)            Temple (0/1) D:7             Orc (4/4) D:8
    Elf (3/3) Orc:4          Lair (8/8) D:9           Swamp (5/5) Lair:4
  Snake (5/5) Lair:5        Slime (0/6) Lair:6       Vaults (5/5) D:19
  Blade (1/1) Vaults:4      Crypt (5/5) Vaults:3       Tomb (1/3) Crypt:2
    Zot (4/5) D:27

Altars:
Cheibriados
Elyvilon
Kikubaaqudgha
Makhleb
Nemelex Xobeh
Okawaru
Sif Muna
Vehumet
Yredelemnul
the Shining One
Beogh
Jiyva

Shops:
D:5 %   D:6 *   D:7 *   D:17 }   D:18 (   D:19 *   D:21 (   D:23 (   Orc:2 [
Orc:3 /   Orc:4 [=?+   Elf:1 *+?(   Snake:5 [%}(*   Vaults:5 =(

Portals:
Hell: D:21 D:22 D:23 D:24 D:25 D:26
Abyss: D:21 D:25
Pandemonium: D:21 D:22 D:24
Ziggurat: D:17 (3750 gp) D:21 (2940 gp)
Trove: Elf:3 (give +5,+5 demon whip)

Annotations:
D:8 exclusion: statue
D:15 exclusion: Roxanne, Roxanne


Innate Abilities, Weirdness & Mutations

You are resistant to torment.
You are immune to poison.
You can fly continuously.
Your stone body is very resilient (AC +20).
Your wings are large and strong.
You have very sharp teeth.
You have razor-sharp toenails.
You resist negative energy.
You are resistant to electric shocks.
You have a slow metabolism.
You can survive without breathing.
You are immune to petrification.
Your vision is a little blurry.
You are dopey. (Int -2)
You cover ground slowly.
You heal slowly.


Message History

You feel the power of the Abyss delaying your translocation.
The balrug gestures at you. Something smites you!
* * * LOW HITPOINT WARNING * * *
The red draconian scorcher points at you and mumbles some strange words.
The bolt of fire misses you. The Executioner gestures at you.
Pain shoots through your body!
* * * LOW HITPOINT WARNING * * *
A cacodemon comes into view.
The Executioner gestures.
The Executioner seems to speed up.
The Executioner gestures at you. You resist.
The red draconian scorcher breathes fire at you.
The searing blast hits you! You resist.
* * * LOW HITPOINT WARNING * * *
The balrug gestures at you. Something smites you!
You die...

# ..#. #. .###.... #.#
#...... # #.##..222..
. #. ##..#...#....
.##...#.##...#..... .
..d.......#L.#...# ##.
..###..##...1...##....
..
###.@........(......
#...##.#...... ....
###.##.)##.... ...
.#....# ###. #. .
.?##.#.# #..# #. #..#.
## #. #...## # #.# .#


You could see a red draconian scorcher, a lich, a balrug and an Executioner.

Vanquished Creatures
  An orb of fire (Zot:3)
  An ancient lich (Abyss:1)
  Saint Roka (Swamp:5)
  Boris (twice) (Blade D:25)
  Sojobo (Vaults:4)
  Margery (Vaults:5)
  A Killer Klown (Zot:3)
  Lamia (Snake:2)
  Mennas (Swamp:5)
  2 golden dragons
  3 curse toes (Zot:3)
  Nikola (Swamp:3)
  An electric golem (Zot:3)
  2 profane servitors (Crypt:5)
  2 Brimstone Fiends
  6 bone dragons
  A hellephant (Abyss:1)
  11 tentacled monstrosities
  A deep elf blademaster (Elf:3)
  A quicksilver dragon (Vaults:5)
  A Shadow Fiend (Crypt:5)
  A titan (D:24)
  The ghost of Bloax the Bludgeoner, a mighty GrBe of Cheibriados (Vaults:5)
  2 liches
  6 storm dragons
  5 ancient champions
  Rupert (D:17)
  Agnes (Crypt:1)
  Frances (Snake:2)
  Kirke (D:15)
  3 shadow dragons
  A revenant (Crypt:5)
  8 tengu reavers
  A draconian monk (Zot:3)
  3 deep elf sorcerers (Elf:3)
  Donald (Swamp:3)
  Wiglaf (Vaults:5)
  3 tentacled starspawn
  6 ghouls
  2 iron dragons (Zot:3)
  4 draconian knights
  Aizul (Vaults:4)
  4 frost giants
  3 fire giants (Vaults:5)
  A draconian scorcher (Zot:3)
  3 curse skulls
  4 draconian zealots (Zot:2)
  5 vault wardens
  3 ghost moths (Zot:3)
  Gastronok (Lair:2)
  3 draconian annihilators
  2 reapers
  Jorgrun (Snake:2)
  An angel (Abyss:1)
  5 greater nagas (Snake:5)
  The ghost of GayManTrain the Grappler, a powerful TrBe of Trog (Lair:6)
  37 stone giants
  4 green draconians
  2 grey draconians (D:27)
  3 deep elf demonologists (Elf:3)
  2 draconian callers
  4 vampire knights
  A pale draconian (Zot:3)
  3 deep elf annihilators
  6 red draconians
  Azrael (Vaults:3)
  16 eidola
  5 yellow draconians
  A purple draconian (Zot:2)
  A blizzard demon (Abyss:1)
  4 white draconians (Zot:2)
  6 black draconians
  10 ettins
  2 unborn
  7 deep elf death magi
  A minotaur (Lab)
  12 jiangshi
  4 great orbs of eyes
  21 vault guards (Vaults:4)
  8 ironheart preservers
  A deep elf high priest (Vaults:5)
  A minotaur (shapeshifter) (Vaults:5)
  15 hydras
  8 dragons
  42 yaktaur captains
  21 ogre magi
  17 dancing weapons (Blade)
  Harold (Orc:2)
  Josephine (D:12)
  The ghost of Deemzul the Cleaver, a powerful OpFi of Okawaru (Orc:2)
  6 death cobs
  Nessos (Snake:1)
  A ravenous feature mimic (D:23)
  5 anacondas
  10 alligators
  5 ice dragons
  A spectral stone giant (Crypt:5)
  A spectral frost giant (Crypt:5)
  2 draconians (shapeshifter)
  4 vampire magi
  5 deep troll earth magi
  8 plague shamblers (Crypt:5)
  2 rakshasas (Abyss:2)
  A death yak (Lair:8)
  4 very ugly things
  5 wretched stars
  4 spectral elves
  A soul eater (Crypt:4)
  3 deep dwarf death knights
  19 centaur warriors
  11 naga warriors
  3 thrashing horrors
  3 deep troll shamans
  A hell hog (Abyss:1)
  2 iron golems
  A sun demon (Elf:1)
  An orc high priest (Elf:1)
  A fire crab (shapeshifter) (Elf:1)
  A fire crab (D:18)
  A titan skeleton (D:24)
  2 storm dragon zombies
  9 iron trolls
  3 shadow wraiths
  9 deep elf knights
  An unseen horror (shapeshifter) (Vaults:4)
  29 skeletal warriors
  2 spatial maelstroms (Abyss:2)
  A death drake (Zot:3)
  6 unseen horrors
  Erolcha (D:8)
  17 large abominations
  14 flayed ghosts
  10 hill giants
  8 hell knights
  A swamp dragon (shapeshifter) (Elf:1)
  2 wizards
  11 ironbrand convokers
  16 deep trolls
  7 swamp dragons
  A tengu zombie (Vaults:5)
  A spectral wolf spider (Crypt:5)
  Pikel (D:9)
  10 harpies
  10 starcursed masses
  A sphinx zombie (Crypt:5)
  8 deathcaps (Zot:3)
  20 orc knights
  11 deep elf conjurers
  7 cyclopes
  6 griffons
  6 giant amoebae
  2 necromancers
  A wolf spider zombie (Crypt:5)
  A very ugly thing skeleton (Crypt:4)
  4 shadow dragon skeletons
  A wolf spider (shapeshifter) (Vaults:4)
  2 hellions (Elf:3)
  2 fire giant zombies
  11 moths of wrath
  3 wolf spiders
  24 phantasmal warriors
  6 orc sorcerers
  10 stone giant zombies
  14 stone giant skeletons
  5 red wasps
  6 spiny worms
  5 elephants
  2 frost giant skeletons
  6 deep elf summoners
  2 dire elephant zombies (Crypt:5)
  2 fire giant skeletons
  4 sixfirhies
  2 guardian serpents
  4 apocalypse crabs
  9 vault sentinels
  A spiny frog (shapeshifter) (Vaults:5)
  A black mamba (shapeshifter) (D:21)
  An elephant slug zombie (Crypt:2)
  15 smoke demons
  9 orange demons
  A yellow draconian zombie (Abyss:2)
  31 black mambas
  A white draconian zombie (Zot:2)
  2 sea snake zombies
  105 yaktaurs
  13 hellwings
  12 spiny frogs
  15 trolls
  11 wandering mushrooms (Zot:3)
  15 naga magi
  An iron devil (Snake:2)
  An iron troll zombie (D:18)
  A fire drake (shapeshifter) (Vaults:5)
  5 guardian mummies
  A death yak skeleton (Crypt:1)
  5 deep elf priests
  A harpy zombie (Vaults:1)
  A yellow draconian skeleton (Crypt:3)
  9 demonic crawlers
  A purple draconian skeleton (Crypt:4)
  2 red draconian skeletons
  9 fire drakes
  5 ancient zymes
  2 spriggans (shapeshifter)
  A queen bee (D:9)
  2 trolls (shapeshifter)
  A queen bee (shapeshifter) (Vaults:2)
  2 stone giant simulacra
  2 red devils
  An efreet (Abyss:1)
  A spectral harpy (Crypt:5)
  4 giant leeches
  A blue devil (Elf:3)
  56 slime creatures
  Sonja (D:13)
  2 iron troll skeletons
  The ghost of elenap21 the Cudgeler, an average DrAK of Lugonu (D:6)
  47 two-headed ogres
  A jumping spider (Elf:3)
  6 komodo dragons
  A moth of wrath zombie (Zot:2)
  7 boulder beetles
  10 blink frogs
  9 bog bodies
  A hydra skeleton (D:12)
  A polar bear (Lair:8)
  2 ravens
  A guardian serpent zombie (Crypt:4)
  A wind drake (Zot:2)
  A death drake skeleton (Abyss:2)
  4 basilisks
  4 ettin zombies (Crypt:5)
  A griffon zombie (D:18)
  A raven (shapeshifter) (D:18)
  2 red wasp zombies (Crypt:5)
  A grizzly bear (shapeshifter) (D:17)
  An air elemental (Abyss:2)
  10 redbacks
  A spectral wind drake (Crypt:5)
  8 flying skulls
  2 ynoxinuls
  3 ettin skeletons
  3 griffon skeletons
  10 vampires
  2 water elementals (D:14)
  A trapdoor spider (shapeshifter) (Vaults:5)
  A tarantella (shapeshifter) (D:21)
  A wyvern (shapeshifter) (Vaults:5)
  A hog (shapeshifter) (D:24)
  16 wraiths
  117 ugly things
  An alligator skeleton (Crypt:1)
  7 wyverns
  14 shadows
  An ugly thing skeleton (Crypt:3)
  58 yaks
  23 deep elf magi
  73 vampire mosquitoes
  3 hill giant zombies
  A fire elemental (Vaults:3)
  A hog (D:15)
  13 hippogriffs
  A clay golem (D:18)
  A yak (shapeshifter) (Vaults:5)
  A spiny worm zombie (Crypt:5)
  5 tarantellas
  2 chaos spawn
  A hippogriff (shapeshifter) (D:17)
  Grum (D:12)
  3 wolves (D:12)
  5 golden eyes
  26 deep elf fighters
  A raven zombie (Crypt:3)
  2 rock worms
  An elf (shapeshifter) (D:21)
  3 hill giant skeletons
  A merfolk (D:7)
  7 hungry ghosts
  2 deep troll zombies
  Menkaure (D:5)
  A manticore (D:14)
  2 spatial vortices (Abyss:2)
  23 freezing wraiths
  8 neqoxecs
  11 necrophages
  A red wasp simulacrum (Crypt:2)
  42 swamp worms
  7 raven skeletons (Crypt:5)
  49 orc warriors
  13 porcupines
  8 giant goldfish
  21 small abominations
  17 swamp drakes
  A deep troll skeleton (D:24)
  5 ice beasts
  5 sky beasts
  7 hell hounds
  80 nagas
  2 phantoms
  A dwarf (shapeshifter) (Vaults:5)
  93 ogres
  4 rotting devils
  3 boring beetles
  2 boring beetles (shapeshifter)
  3 lost souls
  2 yellow wasps
  22 centaurs
  A snapping turtle skeleton (Crypt:1)
  A giant firefly simulacrum (Crypt:5)
  Sigmund (D:3)
  A fire drake zombie (Crypt:2)
  5 big kobolds
  14 wargs
  2 yaktaur zombies (D:24)
  24 giant frogs
  19 giant slugs
  3 brain worms
  A mermaid zombie (Crypt:1)
  19 crocodiles
  32 water moccasins
  2 cyclops zombies
  9 agate snails
  28 insubstantial wisps
  A yaktaur skeleton (D:18)
  A manticore skeleton (Crypt:1)
  A boulder beetle zombie (Crypt:2)
  A grizzly bear zombie (Crypt:5)
  2 troll zombies (D:12)
  22 wights
  26 killer bees (D:9)
  A fire bat (Abyss:1)
  11 jellyfish
  2 hippogriff skeletons
  15 electric eels
  A grizzly bear skeleton (Crypt:2)
  A troll skeleton (D:15)
  10 crimson imps
  A quasit (Abyss:1)
  4 goliath beetles
  7 hounds
  5 big fish
  2 basilisk zombies
  2 giant frog zombies
  8 jellies
  An elf zombie (Elf:1)
  A basilisk skeleton (D:15)
  8 orange rats
  24 orc priests
  3 scorpions
  5 spiders (Snake:5)
  6 iguanas
  A two-headed ogre skeleton (Crypt:1)
  7 iron imps
  37 orc wizards
  11 worker ants
  A porcupine skeleton (Crypt:4)
  A mottled dragon zombie (Crypt:4)
  2 ogre zombies
  8 sheep
  Ijyb (D:3)
  Jessica (D:3)
  An ogre skeleton (D:9)
  A dwarf skeleton (Crypt:3)
  5 boggarts
  A demonspawn skeleton (Crypt:4)
  A mottled dragon skeleton (D:16)
  8 mummies
  50 adders
  8 gnolls
  41 green rats
  4 human zombies
  4 lemures
  An orc zombie (Elf:1)
  A giant mite (D:2)
  2 worm zombies
  2 shadow imps (Abyss:2)
  3 white imps
  6 giant centipedes
  5 worms
  15 ufetubi
  An adder zombie (Crypt:4)
  2 iguana skeletons
  An iguana zombie (D:7)
  An adder skeleton (D:6)
  3 giant eyeballs
  10 giant geckos
  17 oozes (Lair:3)
  185 orcs
  3 ball pythons
  18 bats
  A bat skeleton (D:5)
  3 giant cockroaches
  18 goblins
  A grey rat (Lair:2)
  17 hobgoblins
  18 jackals
  25 kobolds
  11 quokkas
  3 giant newts
  A giant spore (D:7)
  A goblin zombie (D:5)
  2 hobgoblin skeletons (Crypt:3)
  A hobgoblin zombie (D:6)
  A human skeleton (D:17)
  5 illusory rakshasas (Abyss:2)
  A jackal skeleton (D:4)
  2 kobold skeletons
  A lava orc skeleton (Crypt:1)
  An orc skeleton (D:7)
  28 rats
  30 ballistomycetes
  2 crawling corpses
  A fungus (Lair:2)
  6 plants
  3 starspawn tentacles
3182 creatures vanquished.

Vanquished Creatures (collateral kills)
  Khufu (Crypt:5)
  A greater mummy (Crypt:5)
  Jory (Vaults:5)
  2 tengu reavers
  A fire giant (D:24)
  2 vault wardens
  Louise (Elf:3)
  2 stone giants (Vaults:5)
  A greater naga (Snake:5)
  A mottled draconian (Zot:1)
  A vampire knight (Crypt:5)
  4 vault guards (Vaults:4)
  A white draconian (Zot:1)
  A dragon (Zot:1)
  A jiangshi (Crypt:5)
  An ironheart preserver (Vaults:4)
  2 yaktaur captains
  An ice dragon (D:24)
  A deep troll shaman (D:23)
  4 deep troll earth magi
  An ogre mage (Vaults:2)
  3 naga warriors (Snake:5)
  A sun demon (Crypt:5)
  A hell knight (Vaults:5)
  4 centaur warriors
  A spectral elf (Elf:3)
  A deep elf knight (D:22)
  An iron troll (Vaults:1)
  2 deep trolls
  4 orc knights
  A stone giant zombie (Crypt:5)
  An ironbrand convoker (Vaults:2)
  A harpy (Vaults:2)
  A fire giant skeleton (Vaults:3)
  A vault sentinel (Vaults:1)
  A cyclops (shapeshifter) (Vaults:4)
  4 yaktaurs
  A deep elf priest (Vaults:4)
  An iron devil (Crypt:5)
  A jumping spider (shapeshifter) (Vaults:5)
  A hellwing (Crypt:5)
  A naga mage (Snake:5)
  3 slime creatures
  A shadow (Crypt:5)
  A chaos spawn (Elf:3)
  A wraith (Vaults:1)
  An ettin skeleton (D:22)
  A neqoxec (Elf:3)
  A deep elf fighter (D:22)
  2 ugly things
  4 fire elementals (Vaults:3)
  A deep elf mage (D:22)
  2 manticores (D:18)
  A necrophage (Crypt:5)
  A freezing wraith (Vaults:2)
  4 orc warriors
  4 nagas (Snake:5)
  5 ogres
  A rotting devil (Crypt:5)
  A lost soul (Crypt:5)
  2 orcs (Vaults:4)
  A crawling corpse (Elf:3)
102 creatures vanquished.

Vanquished Creatures (others)
  3 stone giants
  A great orb of eyes (D:24)
  A deep dwarf death knight (Crypt:5)
  An iron troll (Vaults:5)
  5 deep trolls
  A necromancer (Vaults:5)
  A moth of wrath (Zot:1)
  A human (D:15)
  A fire drake (Swamp:5)
  A yaktaur (Vaults:3)
  2 two-headed ogres
  7 trolls
  An air elemental (Vaults:4)
  2 deep elf magi (Elf:1)
  A deep elf fighter (D:24)
  2 vampire mosquitoes (Swamp:3)
  A soldier ant (D:15)
  3 orc warriors
  2 nagas (Snake:5)
  4 ogres
  A big kobold (D:11)
  9 lost souls
  A water moccasin (Swamp:5)
  An insubstantial wisp (Swamp:3)
  A crimson imp (D:15)
  An orc wizard (D:22)
  3 orange rats
  2 boggarts (D:22)
  2 adders
  A green rat (Lair:8)
  2 orcs (Vaults:3)
  A goblin (Orc:2)
  4 giant spores
  A kobold (D:9)
  A lurking horror (Abyss:2)
  A ballistomycete (D:13)
  A crawling corpse (Elf:3)
  6 fungi
  5 plants
  8 starspawn tentacles
  55 starspawn tentacle segments
148 creatures vanquished.

Grand Total: 3432 creatures vanquished

Notes
Turn   | Place    | Note
--------------------------------------------------------------
     0 | D:1      | dsn, the Gargoyle Berserker, began the quest for the Orb.
     0 | D:1      | Reached XP level 1. HP: 14/14 MP: 0/0
    91 | D:1      | Reached XP level 2. HP: 12/19 MP: 1/1
   245 | D:1      | Acquired Trog's second power
   590 | D:1      | Reached XP level 3. HP: 24/24 MP: 2/2
   676 | D:2      | Found an iron altar of Okawaru.
   726 | D:2      | Found a glowing golden altar of the Shining One.
  1171 | D:2      | Reached skill level 4 in Fighting
  1233 | D:3      | Reached XP level 4. HP: 26/29 MP: 3/3
  1344 | D:3      | Noticed Jessica
  1354 | D:3      | Noticed Ijyb
  1365 | D:3      | Killed Ijyb
  1373 | D:3      | Killed Jessica
  1475 | D:3      | Reached XP level 5. HP: 31/33 MP: 4/4
  1566 | D:3      | Noticed Sigmund
  1579 | D:3      | Killed Sigmund
  2010 | D:4      | Reached skill level 5 in Maces & Flails
  2010 | D:4      | Reached XP level 6. HP: 39/39 MP: 5/5
  2572 | D:5      | Entered Level 5 of the Dungeon
  2591 | D:5      | Acquired Trog's third power
  2667 | D:5      | Reached skill level 5 in Fighting
  2698 | D:5      | Reached XP level 7. HP: 27/44 MP: 6/6
  2725 | D:5      | Noticed Menkaure
  2733 | D:5      | Killed Menkaure
  2733 | D:5      | Reached skill level 6 in Maces & Flails
  2925 | D:5      | Found Grumeekh's Food Shop.
  3211 | D:5      | Reached XP level 8. HP: 49/49 MP: 7/7
  3587 | D:6      | Found Plium's General Store.
  3601 | D:6      | Bought a scroll of enchant weapon I for 60 gold pieces
  3666 | D:6      | Noticed elenap21's ghost (average DrAK)
  3681 | D:6      | Killed elenap21's ghost
  3681 | D:6      | Reached skill level 7 in Maces & Flails
  3715 | D:6      | Reached skill level 5 in Armour
  3756 | D:6      | Found a basalt altar of Yredelemnul.
  3954 | D:7      | Paralysed by a giant eyeball for 2 turns
  3960 | D:7      | Paralysed by a giant eyeball for 4 turns
  3967 | D:7      | Paralysed by a giant eyeball for 2 turns
  3998 | D:7      | Reached skill level 8 in Maces & Flails
  3998 | D:7      | Reached XP level 9. HP: 51/55 MP: 8/8
  4209 | D:7      | Found a staircase to the Ecumenical Temple.
  4548 | D:7      | Found Yfumpawk's Assorted Antiques.
  4609 | D:7      | Found a snail-covered altar of Cheibriados.
  4609 | D:7      | Found a sparkling altar of Nemelex Xobeh.
  4812 | D:8      | Reached skill level 9 in Maces & Flails
  4812 | D:8      | Reached skill level 5 in Dodging
  5109 | D:8      | Found a staircase to the Orcish Mines.
  5338 | D:8      | Noticed Erolcha
  5347 | D:8      | Killed Erolcha
  5347 | D:8      | Reached skill level 10 in Maces & Flails
  5347 | D:8      | Reached XP level 10. HP: 52/62 MP: 9/9
  5461 | D:8      | Found a radiant altar of Vehumet.
  5772 | D:9      | Noticed Pikel
  5790 | D:9      | Killed Pikel
  5862 | D:9      | Found a staircase to the Lair.
  5971 | D:9      | Found a white marble altar of Elyvilon.
  6191 | D:9      | Found a deep blue altar of Sif Muna.
  6506 | D:9      | Reached skill level 11 in Maces & Flails
  6608 | D:9      | Reached XP level 11. HP: 29/68 MP: 10/10
  7028 | D:9      | Received a gift from Trog
  7064 | D:10     | Entered Level 10 of the Dungeon
  7113 | D:10     | Paralysed by a giant eyeball for 2 turns
  7116 | D:10     | Paralysed by a giant eyeball for 3 turns
  7513 | D:10     | Noticed a hill giant
  7522 | D:10     | Killed a hill giant
  7522 | D:10     | Reached skill level 12 in Maces & Flails
  8069 | D:11     | Found a labyrinth entrance.
  8083 | Lab      | Entered a labyrinth
  8632 | Lab      | Noticed a minotaur
  8643 | Lab      | Killed a minotaur
  8653 | Lab      | Got a polished fire dragon armour
  8664 | Lab      | Identified the cursed +2 fire dragon armour "Real" {rF++ rC- Str+2 Dex-5 Acc+4} (You found it in a labyrinth)
  8868 | D:11     | Got a jewelled leather armour
  8871 | D:11     | Identified the +4 leather armour of the Special Lives {+Inv Dex+2 Curse} (You found it on level 11 of the Dungeon)
  8876 | D:12     | Noticed Josephine
  9077 | D:12     | Reached skill level 10 in Fighting
  9252 | D:12     | Reached skill level 13 in Maces & Flails
  9252 | D:12     | Reached XP level 12. HP: 66/75 MP: 11/11
  9432 | D:12     | Killed Josephine
  9459 | D:12     | Noticed Grum
  9464 | D:12     | Killed Grum
  9725 | Lair:1   | Entered Level 1 of the Lair of Beasts
  9772 | Lair:1   | Received a gift from Trog
 10301 | Lair:1   | Noticed a seven-headed hydra
 10311 | Lair:1   | Killed a seven-headed hydra
 10833 | Lair:2   | Reached skill level 10 in Armour
 11136 | Lair:2   | Noticed Gastronok
 11157 | Lair:2   | Killed Gastronok
 11202 | Lair:2   | Received a gift from Trog
 11203 | Lair:2   | Got a transparent great mace {god gift}
 11204 | Lair:2   | Identified the great mace "Kluhibis" {god gift, crush, rElec rPois rF+ rC+} (Trog gifted it to you on level 2 of the Lair of Beasts)
 11374 | Lair:2   | Reached skill level 14 in Maces & Flails
 13102 | Lair:4   | Found a staircase to the Swamp.
 13115 | Lair:4   | Received a gift from Trog
 13116 | Lair:4   | Got an ancient dire flail {god gift}
 13134 | Lair:4   | Reached XP level 13. HP: 49/81 MP: 12/12
 13246 | Lair:4   | Identified the +0,+9 dire flail "Hydrabane" {drain, rF+} (Trog gifted it to you on level 4 of the Lair of Beasts)
 13362 | Lair:5   | Identified a scroll of acquirement
 13558 | Lair:5   | Found a staircase to the Snake Pit.
 14041 | Lair:5   | Reached skill level 15 in Maces & Flails
 14466 | Lair:6   | Noticed GayManTrain's ghost (powerful TrBe)
 14497 | Lair:6   | Received a gift from Trog
 14754 | Lair:6   | Found a staircase to the Slime Pits.
 14756 | Lair:6   | Found a viscous altar of Jiyva.
 14957 | Lair:6   | Killed GayManTrain's ghost
 16071 | Lair:8   | Entered Level 8 of the Lair of Beasts
 16245 | Lair:8   | Found a burning altar of Makhleb.
 16686 | Lair:8   | Received a gift from Trog
 16686 | Lair:8   | Gained mutation: Your wings are large and strong. [gargoyle growth]
 16686 | Lair:8   | Reached XP level 14. HP: 88/88 MP: 13/13
 16892 | Lair:8   | Reached skill level 16 in Maces & Flails
 17181 | Lair:8   | Found a burning altar of Makhleb.
 17532 | Orc:1    | Entered Level 1 of the Orcish Mines
 17637 | Orc:1    | Received a gift from Trog
 18097 | Orc:4    | Entered Level 4 of the Orcish Mines
 18251 | Orc:4    | Received a gift from Trog
 18375 | Orc:3    | Found Thovaekk's Magical Wand Shop.
 18379 | Orc:2    | Noticed Deemzul's ghost (powerful OpFi)
 18719 | Orc:2    | Noticed Harold
 18726 | Orc:2    | Killed Harold
 18763 | Orc:2    | Found Tuodap's Armour Emporium.
 18995 | Orc:3    | Received a gift from Trog
 19323 | Orc:2    | Killed Deemzul's ghost
 19668 | Orc:4    | Found a staircase to the Elven Halls.
 19745 | Orc:4    | Found a roughly hewn altar of Beogh.
 19962 | Orc:4    | Found Tram's Antique Armour Shoppe.
 19962 | Orc:4    | Found Zejiezom's Jewellery Boutique.
 19963 | Orc:4    | Found Cralov's Magic Scroll Boutique.
 19963 | Orc:4    | Found Pnuemum's Book Emporium.
 20152 | Orc:3    | Received a gift from Trog
 20824 | D:13     | Noticed Sonja
 21514 | D:13     | Reached skill level 17 in Maces & Flails
 21523 | D:13     | Reached skill level 10 in Dodging
 21726 | D:14     | Entered Level 14 of the Dungeon
 21864 | D:14     | Received a gift from Trog
 22000 | D:14     | Reached XP level 15. HP: 95/95 MP: 14/14
 22212 | D:14     | Paralysed by a giant eyeball for 4 turns
 22639 | D:15     | Entered Level 15 of the Dungeon
 22720 | D:15     | Noticed Roxanne
 22801 | D:15     | Noticed Kirke
 22811 | D:15     | Killed Kirke
 22828 | D:15     | Received a gift from Trog
 23844 | D:13     | Cast into the Abyss (Sonja)
 24245 | Abyss:1  | Reached skill level 18 in Maces & Flails
 24308 | Abyss:1  | Noticed a bone dragon
 24320 | Abyss:1  | Killed a bone dragon
 24343 | Abyss:1  | Paralysed by accursed screaming for 1 turns
 24531 | Abyss:1  | Noticed a lich
 24540 | Abyss:1  | Killed a lich
 24709 | D:13     | Escaped the Abyss
 24767 | D:11     | Received a gift from Trog
 24772 | D:11     | Got a polished great mace {god gift}
 24773 | D:11     | Identified the great mace of Cust {god gift, crush, +Rage rC+} (Trog gifted it to you on level 11 of the Dungeon)
 25016 | Orc:2    | Bought a +2 pair of gloves of dexterity for 281 gold pieces
 25293 | D:16     | Reached XP level 16. HP: 61/103 MP: 15/15
 25696 | D:17     | Found a gateway to a ziggurat.
 25696 | D:17     | Noticed Rupert
 25715 | D:17     | Killed Rupert
 25862 | D:17     | Received a gift from Trog
 26052 | D:17     | Found a basalt altar of Yredelemnul.
 26317 | D:17     | Found Schiaxoq's Gadget Shop.
 27043 | D:19     | Reached skill level 19 in Maces & Flails
 27249 | D:19     | Received a gift from Trog
 27357 | D:19     | Found Bruasm's Assorted Antiques.
 27366 | D:19     | Bought a scroll of teleportation for 87 gold pieces
 27394 | D:19     | Found a staircase to the Vaults.
 27953 | D:18     | Found Jup Qatuu's Antique Weapon Emporium.
 28028 | D:18     | Received a gift from Trog
 28514 | D:18     | Reached skill level 15 in Fighting
 28514 | D:18     | Reached XP level 17. HP: 109/109 MP: 16/16
 28972 | Swamp:1  | Entered Level 1 of the Swamp
 29225 | Swamp:1  | Received a gift from Trog
 29946 | Swamp:2  | Reached skill level 20 in Maces & Flails
 30425 | Swamp:3  | Noticed Nikola
 31119 | Swamp:3  | Killed Nikola
 31270 | Swamp:3  | Noticed Donald
 31292 | Swamp:3  | Killed Donald
 31548 | Swamp:4  | Received a gift from Trog
 32489 | Swamp:5  | Entered Level 5 of the Swamp
 32618 | Swamp:5  | Noticed Saint Roka
 32783 | Swamp:5  | Killed Saint Roka
 32783 | Swamp:5  | Reached skill level 15 in Armour
 32783 | Swamp:5  | Reached XP level 18. HP: 62/117 MP: 17/17
 32879 | Swamp:5  | Received a gift from Trog
 32894 | Swamp:5  | Got a decaying rune of Zot
 32926 | Swamp:5  | Noticed Mennas
 32940 | Swamp:5  | Killed Mennas
 33311 | Snake:1  | Entered Level 1 of the Snake Pit
 33311 | Snake:1  | Noticed Nessos
 33314 | Snake:1  | Killed Nessos
 33369 | Snake:1  | Got a twisted flail
 33370 | Snake:1  | Identified the +8,+3 flail "Lipsekin" {crush, rPois MR++} (You found it on level 1 of the Snake Pit)
 33439 | Snake:1  | Reached skill level 21 in Maces & Flails
 34216 | Snake:2  | Noticed Frances
 34225 | Snake:2  | Killed Frances
 34225 | Snake:2  | Received a gift from Trog
 34560 | Snake:2  | Noticed Lamia
 34574 | Snake:2  | Killed Lamia
 34686 | Snake:2  | Noticed Jorgrun
 34698 | Snake:2  | Killed Jorgrun
 36505 | Snake:5  | Entered Level 5 of the Snake Pit
 36529 | Snake:5  | Found Ruirid's Weapon Emporium.
 36549 | Snake:5  | Found Lainit's Gadget Boutique.
 36617 | Snake:5  | Found Stykk's Antique Armour Shoppe.
 36621 | Snake:5  | Found Faph's Food Boutique.
 36668 | Snake:5  | Bought a runed crested helmet for 82 gold pieces
 36682 | Snake:5  | Received a gift from Trog
 37182 | Snake:5  | Found Shiyzos' General Store.
 37326 | Snake:5  | Received a gift from Trog
 37830 | Snake:5  | Got a serpentine rune of Zot
 38537 | Vaults:1 | Entered Level 1 of the Vaults
 38592 | Vaults:1 | Reached XP level 19. HP: 107/124 MP: 18/18
 39377 | Vaults:1 | Received a gift from Trog
 40434 | Vaults:2 | Reached skill level 22 in Maces & Flails
 41633 | Vaults:3 | Paralysed by a great orb of eyes for 4 turns
 41640 | Vaults:3 | Paralysed by a great orb of eyes for 3 turns
 41692 | Vaults:3 | Noticed Azrael
 41718 | Vaults:3 | Killed Azrael
 41769 | Vaults:3 | Received a gift from Trog
 42484 | Vaults:3 | Got a wavering copper ring
 43457 | Vaults:4 | Noticed Aizul
 43465 | Vaults:4 | Killed Aizul
 43524 | Vaults:4 | Reached XP level 20. HP: 87/133 MP: 18/18
 43553 | Vaults:4 | Identified the ring "Ziufoci" {rC+ Int+5 Acc+6} (You found it on level 3 of the Vaults)
 43859 | Vaults:4 | Noticed Sojobo
 44306 | Vaults:4 | Killed Sojobo
 44760 | Vaults:4 | Found a staircase to the Hall of Blades.
 45124 | Vaults:5 | Entered Level 5 of the Vaults
 45147 | Vaults:4 | Received a gift from Trog
 45873 | Vaults:5 | Noticed Jory
 45895 | Vaults:5 | Killed Jory
 45905 | Vaults:4 | HP: 2/136 [tengu reaver/fireball (13)]
 46032 | Vaults:4 | HP: 5/136 [yaktaur/ bolt (3)]
 46603 | Vaults:5 | Reached XP level 21. HP: 106/142 MP: 19/19
 46642 | Vaults:5 | Identified a +1 cloak of preservation (You acquired it on level 5 of the Vaults)
 46664 | Vaults:5 | Found Emi Pnoi's Weapon Shop.
 46799 | Vaults:5 | Reached skill level 23 in Maces & Flails
 46888 | Vaults:5 | Got a silver rune of Zot
 46891 | Vaults:5 | Received a gift from Trog
 47264 | Vaults:5 | Noticed Wiglaf
 47273 | Vaults:5 | Killed Wiglaf
 47310 | Vaults:5 | Noticed Bloax's ghost (mighty GrBe)
 47335 | Vaults:5 | Killed Bloax's ghost
 47789 | Vaults:5 | Got an ichor-stained mace
 47790 | Vaults:5 | Identified the +8,+3 mace "Vebong" {crush, Noisy Dex+3 Int+3} (You found it on level 5 of the Vaults)
 47801 | Vaults:5 | Got a bloodstained mace
 47802 | Vaults:5 | Identified the cursed +0,+1 mace "Wilaik" {crush, rPois} (You found it on level 5 of the Vaults)
 47836 | Vaults:5 | Noticed Margery
 48731 | Vaults:5 | Found Masohe's Jewellery Shoppe.
 48824 | Vaults:5 | Got a brightly glowing wooden ring
 48846 | Vaults:5 | Identified the ring "Trulogur" {MP+9 Dex+3 Int+4} (You found it on level 5 of the Vaults)
 48875 | Vaults:5 | Identified Sif Muna's Grimoire of Hurtful Intoxication (You found it on level 5 of the Vaults)
 48965 | Vaults:5 | Killed Margery
 49217 | Vaults:5 | Got a brightly glowing bronze ring
 49446 | Vaults:4 | Upgraded the game from 0.13.0-7-g3df9ff1 to 0.13.0-9-gbc74161
 49503 | Blade    | Entered the Hall of Blades
 49597 | Blade    | Noticed Boris
 49609 | Blade    | Killed Boris
 49924 | Blade    | Reached XP level 22. HP: 118/151 MP: 20/20
 50036 | Blade    | Identified the ring of Hatwuet {rC+ rN+} (You took it off an ironbrand convoker on level 5 of the Vaults)
 50313 | Vaults:3 | Found a basalt altar of Yredelemnul.
 50313 | Vaults:3 | Found a staircase to the Crypt.
 50313 | Vaults:3 | Found an ancient bone altar of Kikubaaqudgha.
 50326 | Crypt:1  | Entered Level 1 of the Crypt
 50609 | Crypt:1  | Noticed Agnes
 50618 | Crypt:1  | Paralysed by Agnes for 4 turns
 50624 | Crypt:1  | Killed Agnes
 51646 | Crypt:2  | Found a staircase to the Tomb.
 51982 | Crypt:3  | Reached skill level 15 in Dodging
 52258 | Crypt:3  | Received a gift from Trog
 53224 | Crypt:5  | Entered Level 5 of the Crypt
 53379 | Crypt:5  | Noticed a greater mummy
 53381 | Crypt:5  | Noticed Khufu
 53402 | Crypt:5  | HP: 5/153 [greater mummy/divine providence[Khufu] (11)]
 54445 | D:20     | Entered Level 20 of the Dungeon
 54636 | D:20     | Identified the Almanac of Evil Enchantment (You found it on level 20 of the Dungeon)
 55420 | D:21     | Found Isuisut's Antique Weapon Shoppe.
 55455 | D:21     | Reached XP level 23. HP: 160/160 MP: 20/20
 55457 | D:21     | Found a gateway to Hell.
 55644 | D:21     | Reached skill level 24 in Maces & Flails
 55672 | D:21     | Found a gateway to a ziggurat.
 55672 | D:21     | Found a one-way gate leading to the halls of Pandemonium.
 55799 | D:21     | Got a scintillating bone ring
 55800 | D:21     | Found a one-way gate to the infinite horrors of the Abyss.
 55892 | D:21     | Identified the ring of Suathras {-Tele MR Int+1 Acc+4} (You found it on level 21 of the Dungeon)
 56212 | D:21     | Received a gift from Trog
 57317 | D:23     | Received a gift from Trog
 57539 | D:23     | HP: 8/160 [deep troll earth mage (19)]
 58217 | D:23     | Found Tomidas' Weapon Shoppe.
 58481 | D:24     | Got a twisted buckler
 59348 | D:24     | Received a gift from Trog
 59727 | D:25     | Entered Level 25 of the Dungeon
 60043 | D:25     | Paralysed by a great orb of eyes for 5 turns
 60078 | D:25     | Got a brightly glowing turquoise ring
 60086 | D:25     | Identified the ring "Ophoni Duiz" {SustAb Str+1 Int-4} (You found it on level 25 of the Dungeon)
 60445 | D:25     | Reached XP level 24. HP: 116/169 MP: 21/21
 60471 | D:25     | Noticed Boris
 60480 | D:25     | Killed Boris
 60482 | D:25     | Got a crude golden ring
 60501 | D:25     | Identified the ring "Tuomofam" {Fire Int+2 Dam+6 SInv} (You found it on level 25 of the Dungeon)
 60630 | D:26     | Received a gift from Trog
 61390 | D:27     | Entered Level 27 of the Dungeon
 61616 | D:27     | Received a gift from Trog
 62539 | Zot:1    | Entered Level 1 of the Realm of Zot
 63800 | Zot:3    | Reached XP level 25. HP: 162/178 MP: 21/21
 63812 | Zot:3    | Reached skill level 25 in Maces & Flails
 63851 | Zot:3    | Noticed an orb of fire
 63853 | Zot:3    | Gained mutation: You cover ground slowly. [an orb of fire]
 63857 | Zot:3    | Gained mutation: You are dopey. (Int -2) [an orb of fire]
 63860 | Zot:3    | Killed an orb of fire
 65313 | Zot:2    | Received a gift from Trog
 67659 | Crypt:5  | Noticed a greater mummy
 68287 | Crypt:5  | Reached XP level 26. HP: 174/188 MP: 22/22
 68289 | Crypt:5  | Found a basalt altar of Yredelemnul.
 68678 | Crypt:5  | Got a jewelled mace
 68687 | Crypt:5  | Identified the cursed +10,-1 mace "Chietos" {drain, rF+} (You found it on level 5 of the Crypt)
 68862 | Crypt:5  | Killed Khufu
 68883 | Crypt:5  | Killed a greater mummy
 69238 | Tomb:1   | Entered Level 1 of the Tomb of the Ancients
 69662 | D:13     | Killed Sonja
 69825 | Elf:1    | Entered Level 1 of the Elven Halls
 69843 | Elf:1    | Found a radiant altar of Vehumet.
 69899 | Elf:1    | Found Qielaik's Magic Scroll Shop.
 69907 | Elf:1    | Bought a scroll of blinking for 93 gold pieces
 69914 | Elf:1    | Found Prealol's Assorted Antiques.
 69936 | Elf:1    | Found Ozaicois' Book Shop.
 70009 | Elf:1    | Found Chaet's Antique Weapon Shoppe.
 70693 | Elf:2    | Received a gift from Trog
 71046 | Elf:3    | Entered Level 3 of the Elven Halls
 71152 | Elf:3    | Found a portal to a secret trove of treasure.
 71449 | Elf:3    | Cast into the Abyss (deep elf sorcerer)
 71449 | Abyss:1  | Found a corrupted altar of Lugonu.
 71614 | Abyss:1  | Noticed an ancient lich
 71624 | Abyss:1  | Killed an ancient lich
 71636 | Abyss:1  | Gained mutation: You heal slowly. [a neqoxec]
 71782 | Elf:3    | Escaped the Abyss
 72034 | Elf:3    | HP: 5/190 [reaper/glowing scythe[a deep elf demonologist] (8)]
 72134 | Elf:3    | Noticed Louise
 72138 | Elf:3    | Cast into the Abyss (deep elf sorcerer)
 72138 | Abyss:1  | Found a corrupted altar of Lugonu.
 72363 | Abyss:1  | Found a corrupted altar of Lugonu.
 72385 | Abyss:1  | Paralysed by an apocalypse crab for 7 turns
 72400 | Abyss:1  | Found a corrupted altar of Lugonu.
 72439 | Abyss:2  | Gained mutation: Your vision is a little blurry. [mutagenic glow]
 72458 | Abyss:2  | Gained mutation: Your vision is quite blurry. [mutagenic glow]
 72494 | Abyss:2  | Lost mutation: Your vision is quite blurry. [mutagenic glow]
 72821 | Abyss:2  | Received a gift from Trog
 73819 | Abyss:2  | Reached skill level 26 in Maces & Flails
 73918 | Elf:3    | Escaped the Abyss
 73926 | Elf:3    | Reached XP level 27. HP: 151/198 MP: 22/22
 73933 | Elf:3    | Killed Louise
 73946 | Elf:3    | Cast into the Abyss (spectral elf)
 73985 | Abyss:1  | Killed from afar by a balrug

Action                   |  1- 3 |  4- 6 |  7- 9 | 10-12 | 13-15 | 16-18 | 19-21 | 22-24 | 25-27 || total
-------------------------+-------+-------+-------+-------+-------+-------+-------+-------+-------++-------
Melee: Mace              |    93 |    76 |       |       |       |       |       |       |       ||   169
       Flail             |       |    45 |   349 |   274 |       |       |       |       |       ||   668
       Dire flail        |       |       |       |   462 |       |       |       |       |       ||   462
       Great mace        |       |       |       |   115 |  1330 |  1851 |  1246 |  1893 |  1393 ||  7828
       Unarmed           |       |       |       |       |    44 |    18 |   182 |       |     5 ||   249
Invok: Berserk           |       |     2 |     2 |     2 |     3 |     2 |     7 |     2 |     2 ||    22
       Burn Spellbooks   |       |       |     2 |     5 |     3 |     2 |     5 |     7 |     3 ||    27
       Trog's Hand       |       |       |       |       |     1 |     1 |       |     1 |     2 ||     5
       Brothers in Arms  |       |       |       |       |       |     5 |    23 |     8 |     9 ||    45
 Abil: Fly               |       |       |       |       |     1 |    12 |       |     1 |       ||    14
       Stop Flying       |       |       |       |       |     1 |    12 |       |     1 |       ||    14
Evoke: Wand              |       |       |       |       |     1 |       |       |       |       ||     1
  Use: Scroll            |       |    19 |     3 |    21 |    26 |    12 |    18 |    22 |    17 ||   138
       Potion            |       |       |     2 |       |     9 |     5 |     4 |     5 |     4 ||    29
 Stab: Invisible         |       |       |       |       |     1 |       |       |       |     2 ||     3
       Distracted        |       |       |       |       |       |     2 |     2 |       |       ||     4
